 Dungeon Crawl Stone Soup version 0.18-a0-316-gf882de5 (webtiles) character file.

45 xeno23 the Gusty (level 3, 0/27 HPs)
             Began as a Demigod Air Elementalist on Nov 27, 2015.
             Killed from afar by Ijyb (7 damage)
             ... with a wand of flame
             ... on level 2 of the Dungeon.
             The game lasted 00:03:27 (1498 turns).

xeno23 the Gusty (Demigod Air Elementalist)         Turns: 1498, Time: 00:03:27

Health: 0/27       AC:  3    Str: 13    XL:     3   Next: 25%
Magic:  5/8        EV: 12    Int: 19    God:
Gold:   115        SH:  0    Dex: 16    Spells: 1 memorised, 5 levels left

rFire  . . .     SeeInvis .     m - +4 falchion
rCold  . . .     Clarity  .     a - +0 robe
rNeg   . . .     SustAt   +     (no shield)
rPois  .         Gourm    .     j - +1 hat
rElec  .         Spirit   .     (no cloak)
rCorr  .         Warding  .     (no gloves)
rMut   .         Rnd*Tele +     (no boots)
MR     .....                    (no amulet)
Stlth  ++........               (no ring)
                                i - ring of teleportation (curse)

@: lethally poisoned (0 -> -5), not resistant to hostile enchantments,
unstealthy
A: high mp 1, sustain attributes
a: Evoke Teleportation


You were on level 2 of the Dungeon.
You were not hungry.

You visited 1 branch of the dungeon, and saw 2 of its levels.

You collected 115 gold pieces.

Inventory:

Hand Weapons
 m - a +4 falchion (weapon)
Missiles
 g - 9 poisoned needles
Armour
 a - a +0 robe (worn)
 j - a +1 hat (worn)
Jewellery
 i - a cursed ring of teleportation (left hand)
Scrolls
 d - a scroll of identify {unknown}
 e - 2 scrolls of random uselessness {unknown}
 f - a scroll of enchant weapon {unknown}
 h - a scroll of enchant armour {unknown}
 k - 2 scrolls of noise {unknown}
 l - a scroll of blinking {unknown}
 p - a scroll of remove curse {unknown}
Potions
 n - a potion of cure mutation {unknown}
 q - a potion of curing {unknown}
 r - a potion of invisibility {unknown}
Books
 b - a book of Air

   Spells                             Type                      Level
   a - Shock                          Conjuration/Air              1
   b - Swiftness                      Charms/Air                   2
   c - Repel Missiles                 Charms/Air                   2
   d - Static Discharge               Conjuration/Air              3
   e - Lightning Bolt                 Conjuration/Air              5
Comestibles
 c - a bread ration


   Skills:
 - Level 0.5 Fighting
   Level 0.1(0.4) Short Blades
 * Level 0.6(0.7) Long Blades
 - Level 1.7 Dodging
 - Level 1.7 Stealth
 - Level 0.1 Unarmed Combat
 + Level 2.1 Spellcasting
 + Level 1.1 Conjurations
 + Level 3.3 Air Magic


You had 5 spell levels left.
You knew the following spells:

 Your Spells              Type           Power        Failure   Level  Hunger
a - Shock                 Conj/Air       ##..         10%         1    #......


Dungeon Overview and Level Annotations

Branches:
Dungeon (2/15)

Annotations:
D:2 Ijyb


Innate Abilities, Weirdness & Mutations

You have an increased reservoir of magic (+10% MP).
Your attributes are resistant to harm.


Message History

Casting: Shock
Confirm with . or Enter, or press ? or * to list all spells.
Aiming: Shock
Press: ? - help, Shift-Dir - straight line, f/p - Ijyb
Aim: Ijyb, wielding a dagger of venom, wearing a runed leather armour and carrying a wand of flame {zapped: 3} (lightly wounded)
The zap hits Ijyb.
Ijyb is lightly wounded.
The zap misses Ijyb.
You hit Ijyb.
Ijyb is moderately wounded.
Ijyb zaps a wand.
The puff of flame hits you!
You take 9 damage.
You barely miss Ijyb.
Ijyb is moderately wounded.
Ijyb hits you with a dagger of venom.
* * * LOW HITPOINT WARNING * * *
You are poisoned.
You take 3 damage.
You feel sick.
Ijyb zaps a wand.
The puff of flame hits you!
You die...

#..........## ..
#..........# ..
##.###.##..# ...###.
#.##..# #.#.#.# ##.##..# ##
#.....####.#.#..### ...
#.#(#.....###...... ....
#.#.#.#.##.#.#...## .....##
#@...#.###.##.#.#
..?....##.#......#<##.#.#
....##.#g.).###.#.##.#.#
#.....g........# #......#.#
#.##.########<.###.###..#.#
#.##.# #>.....# #..#.# #
#.##.# #.##...# #.)#.# #.
#.##.# #.####.# #..#.# ...
#.##.# ##.## #.# #..#.#


You could see Ijyb.

Vanquished Creatures
  An adder (D:2)
  A worm (D:2)
  2 giant geckos (D:1)
  3 orcs (D:2)
  A ball python (D:2)
  7 hobgoblins
  A giant newt (D:2)
  5 goblins
  3 kobolds
  4 rats
28 creatures vanquished.

Notes
Turn   | Place    | Note
--------------------------------------------------------------
     0 | D:1      | xeno23 the Demigod Air Elementalist began the quest for the Orb.
     0 | D:1      | Reached XP level 1. HP: 14/14 MP: 5/5
    88 | D:1      | Reached skill level 3 in Air Magic
   464 | D:1      | Reached XP level 2. HP: 18/20 MP: 7/7
   993 | D:2      | Reached skill level 1 in Conjurations
  1057 | D:2      | Found a sparkling altar of Nemelex Xobeh.
  1211 | D:2      | Found a burning altar of Makhleb.
  1217 | D:2      | Found a glowing silver altar of Zin.
  1218 | D:2      | Noticed an angel
  1218 | D:2      | Noticed a blizzard demon
  1239 | D:2      | Reached XP level 3. HP: 18/27 MP: 1/8
  1483 | D:2      | Noticed Ijyb
  1498 | D:2      | Killed from afar by Ijyb

Vault maps used:
D:1:      lightli_arrival_lavapool, serial_forest, infiniplex_forest_lined_2,
          infiniplex_forest_clump_C, infiniplex_forest_3_way,
          infiniplex_forest_zigzag_1, infiniplex_forest_split, st_stairs_6
D:2:      grunt_temple_overflow_order_and_chaos_2,
          nemelex_xobeh_ov_fountains_minmay, guppyfry_early_orc_mine, uniq_iyjb

Action                   || total
-------------------------++-------
Melee: Short sword       ||    21
       Unarmed           ||     1
       Falchion          ||    12
 Cast: Shock             ||    30
 Stab: Sleeping          ||     3
  Eat: Chunk             ||     2
